 Dungeon Crawl Stone Soup version 0.30.1-4-g462c640d31 (webtiles) character file.

Game seed: 15601515256275694094

1190 HagarQim the Tainter (level 8, -6/61 HPs)
             Began as a Gnoll Wanderer on Aug 29, 2023.
             Mangled by an orc warrior
             ... wielding a +0 glaive
              (15 damage)
             ... on level 5 of the Dungeon.
             The game lasted 00:36:41 (7997 turns).

HagarQim the Tainter (Gnoll Wanderer)               Turns: 7997, Time: 00:36:42

Health: -6/61      AC:  3    Str: 10    XL:     8   Next: 43%
Magic:  13/14      EV: 14    Int: 11    God:
Gold:   1014       SH:  0    Dex: 22    Spells: 13/15 levels left

rFire   . . .        j - +1 war axe (flame)
rCold   . . .        (no shield)
rNeg    . . .        c - +1 robe
rPois   .            (no helmet)
rElec   .            (no cloak)
rCorr   .            (no gloves)
SInv    .            (no boots)
Will    .....        (no amulet)
Stlth   +++          u - +6 ring of dexterity
HPRegen 0.30/turn    (no ring)
MPRegen 0.14/turn

%: no passive effects
@: no status effects
A: fangs 1, strong nose, distributed training
a: no special abilities


You were on level 5 of the Dungeon.
You visited 1 branch of the dungeon, and saw 6 of its levels.
You also visited: Sewer.

You collected 1014 gold pieces.

Inventory:

Hand Weapons
 a - a +0 dagger of flaming
 j - a +1 war axe of flaming (weapon)
 l - a +0 short sword of holy wrath
 m - a +0 short sword of venom
 r - a +1 vampiric spear
Missiles
 f - 7 poisoned darts
Armour
 c - a +1 robe (worn)
 d - a +0 buckler
Magical Staves
 o - a staff of poison
Jewellery
 u - a +6 ring of dexterity (left hand)
Wands
 i - a wand of digging (4)
 x - a wand of acid (7)
Scrolls
 b - a scroll of poison
 k - 2 scrolls of immolation
 p - a scroll of torment
 w - a scroll of enchant weapon {unknown}
Potions
 e - 3 potions of cancellation
 g - 2 potions of haste
 h - 2 potions of curing
 n - a potion of attraction
 s - 3 potions of flight
 t - a potion of lignification


   Skills:
 + Level 4.3 Fighting
 + Level 3.4 Short Blades
 + Level 3.4 Long Blades
 + Level 3.4 Axes
 + Level 3.4 Maces & Flails
 + Level 3.4 Polearms
 + Level 3.4 Staves
 + Level 3.4 Ranged Weapons
 + Level 3.4 Throwing
 + Level 3.4 Armour
 + Level 3.4 Dodging
 + Level 3.4 Stealth
 + Level 4.3 Shields
 + Level 3.4 Unarmed Combat
 + Level 4.4 Spellcasting
 + Level 2.7 Conjurations
 + Level 2.7 Hexes
 + Level 2.7 Summonings
 + Level 2.7 Necromancy
 + Level 2.7 Translocations
 + Level 2.7 Transmutations
 + Level 2.7 Fire Magic
 + Level 4.7 Ice Magic
 + Level 2.7 Air Magic
 + Level 2.7 Earth Magic
 + Level 9.2 Poison Magic
 + Level 3.7 Invocations
 + Level 3.4 Evocations


You had 13 spell levels left.
You knew the following spells:

 Your Spells              Type           Power      Damage    Failure   Level
a - Sting                 Tmut/Pois      60%        1d6       1%          1
b - Freeze                Ice            48%        1d6       3%          1

Your spell library contained the following spells:

 Spells                   Type           Power      Damage    Failure   Level
 Cigotuvi's Dreadful Rot  Necr/Pois/Air  26%        N/A       4%          2
 Olgreb's Toxic Radiance  Pois           22%        N/A       4%          4
 Shock                    Conj/Air       32%        1d5       8%          1
 Frozen Ramparts          Ice            24%        1d4       10%         3
 Swiftness                Air            8%         N/A       22%         3
 Airstrike                Air            4%         2d(1-17)  58%         4


Dungeon Overview and Level Annotations

Branches:
Dungeon (6/15)              Sewer (visited)
 Temple: D:4-7

Altars:
Elyvilon
Ru
Zin
The Shining One

Shops:
D:5 (

Annotations:
D:2 Ijyb, Sigmund


Innate Abilities, Weirdness & Mutations

You have very sharp teeth.
Your uncanny sense of smell can sniff out nearby items.
Your experience applies equally to all skills.


Message History

The iguana is moderately wounded.
The iguana bites you!
You hit the iguana. You burn the iguana. You punch the iguana.
The iguana is heavily wounded.
You hit the orc warrior but do no damage.
The orc warrior completely misses you. The iguana bites you!
The orc warrior hits you with a +0 glaive!
The iguana bites you! The iguana misses you.
The orc warrior hits you with a +0 glaive.
You climb upwards.
There is a stone staircase leading down here.
Unknown command.
You hit the iguana but do no damage.
The iguana is severely wounded.
You hit the orc warrior but do no damage.
The iguana looks more healthy.
The orc warrior closely misses you. The iguana barely misses you.
You closely miss the iguana.
The iguana is almost dead.
You hit the orc warrior. You burn the orc warrior.
The orc warrior hits you with a +0 glaive!
* * * LOW HITPOINT WARNING * * *
The iguana bites you.
* * * LOW HITPOINT WARNING * * *
You hit the iguana but do no damage.
The iguana is almost dead.
You hit the orc warrior but do no damage.
The orc warrior closely misses you. The iguana misses you.
The orc warrior barely misses you. The iguana closely misses you.
You completely miss the iguana. You bite the iguana, but do no damage.
The iguana is severely wounded.
You hit the orc warrior but do no damage.
The iguana barely misses you. The orc warrior completely misses you.
Unknown command.
You closely miss the iguana.
The iguana is severely wounded.
You hit the orc warrior. You burn the orc warrior.
The orc warrior hits you with a +0 glaive!
You die...

###.##.# #.####..### ##...##
.......# #.#.....<.# ##.....##
###.#### #.#.##....# ##.......##
##...#####.....#...####.........#
..............###.....'.........'
##...#######.#.#...####.........#
##....# #.##.#..# ##.......##
####.# #.##l##.# ##.....## ###
#[# #....@..# ##...## #.# #.#
####o#### ##'## .## #.# ##.## #.#
## #.# #...# #.# # #.# ###.#.###
##.## #.# #...#...#######^..##
######[# #.#####.....##.....###
gg..g..# #...#...###...........
######## ###.#.### #####..#####


You could see an orc warrior and an iguana.

Vanquished Creatures
  2 ice beasts
  A centaur (D:5)
  A phantom (D:5)
  3 hounds
  A jelly (D:6)
  4 orc priests (D:5)
  2 sleepcaps (D:5)
  A gnoll bouda (D:5)
  4 orc wizards
  12 gnolls (D:5)
  15 adders
  3 river rats (Sewer)
  A shadow imp (D:5)
  A white imp (D:5)
  3 worms
  2 dart slugs
  17 orcs
  11 ball pythons
  6 endoplasms
  5 giant cockroaches
  7 goblins
  3 hobgoblins (D:1)
  12 jackals
  7 kobolds
  6 quokkas
  10 bats
  4 frilled lizards
  5 rats
149 creatures vanquished.

Notes
Turn   | Place    | Note
-------+----------+-------------------------------------------
     0 | D:1      | HagarQim the Gnoll Wanderer began the quest for the Orb.
     0 | D:1      | HagarQim set off with the following items: a +0 dagger, a
                  | scroll of blinking, a +0 robe, a +0 buckler; and the
                  | following spells available to memorise: Sting, Freeze,
                  | Olgreb's Toxic Radiance, Cigotuvi's Dreadful Rot, Frozen
                  | Ramparts.
     0 | D:1      | Reached XP level 1. HP: 17/17 MP: 4/4
     2 | D:1      | Learned a level 1 spell: Sting
     4 | D:1      | Learned a level 1 spell: Freeze
   274 | D:1      | Reached XP level 2. HP: 17/23 MP: 2/5
   802 | D:1      | Reached XP level 3. HP: 28/28 MP: 0/7
  1328 | D:2      | Noticed Sigmund
  1786 | D:2      | Noticed Ijyb
  1789 | D:2      | Reached skill level 1 in Invocations
  1937 | D:2      | Reached skill level 1 in Short Blades
  1937 | D:2      | Reached skill level 1 in Long Blades
  1937 | D:2      | Reached skill level 1 in Axes
  1937 | D:2      | Reached skill level 1 in Maces & Flails
  1937 | D:2      | Reached skill level 1 in Polearms
  1937 | D:2      | Reached skill level 1 in Staves
  1937 | D:2      | Reached skill level 1 in Ranged Weapons
  1937 | D:2      | Reached skill level 1 in Throwing
  1937 | D:2      | Reached skill level 1 in Armour
  1937 | D:2      | Reached skill level 1 in Dodging
  1937 | D:2      | Reached skill level 1 in Stealth
  1937 | D:2      | Reached skill level 1 in Unarmed Combat
  1937 | D:2      | Reached skill level 1 in Evocations
  2145 | D:3      | Reached XP level 4. HP: 33/34 MP: 4/8
  2480 | D:3      | Found a glowing silver altar of Zin.
  2480 | D:3      | Found a glowing golden altar of the Shining One.
  2481 | D:3      | Found a white marble altar of Elyvilon.
  2684 | D:3      | Found a faded altar of an unknown god.
  3112 | D:4      | Reached skill level 1 in Conjurations
  3112 | D:4      | Reached skill level 1 in Hexes
  3112 | D:4      | Reached skill level 1 in Summonings
  3112 | D:4      | Reached skill level 1 in Necromancy
  3112 | D:4      | Reached skill level 1 in Translocations
  3112 | D:4      | Reached skill level 1 in Transmutations
  3112 | D:4      | Reached skill level 1 in Fire Magic
  3112 | D:4      | Reached skill level 1 in Air Magic
  3112 | D:4      | Reached skill level 1 in Earth Magic
  3182 | D:4      | Found a glowing drain.
  3206 | D:4      | Reached XP level 5. HP: 39/40 MP: 9/9
  3253 | Sewer    | Entered a sewer
  3869 | Sewer    | Reached XP level 6. HP: 14/47 MP: 11/11
  5013 | D:4      | Identified a scroll of acquirement
  5014 | D:4      | Acquired 791 gold pieces
  5174 | D:5      | Entered Level 5 of the Dungeon
  5217 | D:5      | Found Owaeshri's Hydra Hut.
  5220 | D:5      | Reached skill level 9 in Poison Magic
  5361 | D:5      | Noticed a four-headed hydra
  5381 | D:5      | Reached XP level 7. HP: 43/52 MP: 12/12
  5710 | D:5      | Found a sacrificial altar of Ru.
  6884 | D:5      | Reached XP level 8. HP: 24/60 MP: 14/14
  7997 | D:5      | Mangled by an orc warrior

Illustrated notes

Levels and vault maps discovered:
D:1:      ncdulo_lavacross, layout_loops_cross, minmay_misc_feat_ornament,
          kennysheep_small_spiral, minmay_misc_feat_alley, minmay_pentomino_p4
D:2:      kennysheep_the_goblin_king, layout_basic, minmay_cupped, uniq_sigmund
D:3:      layout_basic, good_gods_mini_temple,
          hellmonk_ecumenical_altar_blasted, minmay_misc_feat_diagonals,
          uniq_ijyb
D:4:      layout_loops_ring, cheibrodos_sewer_entry_sluice
D:5:      layout_loops_corners, nicolae_ru_the_path_less_chosen,
          reono_crystal_passage, hangedman_abyss_or_decor_jellyfish_corner,
          doesnt_shop_hydraphobe
D:6:      layout_basic, mainiacjoe_overflow_brackets, ashenzari_altar_1,
          gammafunk_ghost_cemetery, hangedman_decor_growths, minmay_manual_mail

Skill      XL: |  1  2  3  4  5  6  7 |
---------------+----------------------+-----
Invocations    | 1 2 3 |  3.7
Short Blades   | 1 2 3 |  3.4
Long Blades    | 1 2 3 |  3.4
Axes           | 1 2 3 |  3.4
Maces & Flails | 1 2 3 |  3.4
Polearms       | 1 2 3 |  3.4
Staves         | 1 2 3 |  3.4
Ranged Weapons | 1 2 3 |  3.4
Throwing       | 1 2 3 |  3.4
Armour         | 1 2 3 |  3.4
Dodging        | 1 2 3 |  3.4
Stealth        | 1 2 3 |  3.4
Unarmed Combat | 1 2 3 |  3.4
Evocations     | 1 2 3 |  3.4
Spellcasting   | 3 4 |  4.4
Conjurations   | 1 2 |  2.7
Hexes          | 1 2 |  2.7
Summonings     | 1 2 |  2.7
Necromancy     | 1 2 |  2.7
Translocations | 1 2 |  2.7
Transmutations | 1 2 |  2.7
Fire Magic     | 1 2 |  2.7
Air Magic      | 1 2 |  2.7
Earth Magic    | 1 2 |  2.7
Fighting       | 3 4 |  4.3
Shields        | 3 4 |  4.3
Ice Magic      | 4 |  4.7
Poison Magic   | 9 |  9.2

Action                     |  1- 3 |  4- 6 |  7- 9 || total
---------------------------+-------+-------+-------++-------
  Melee: Dagger            |    39 |       |       ||    39
         Short sword       |    26 |   173 |    71 ||   270
         Bite              |     3 |    14 |    34 ||    51
         Punch             |       |     5 |     6 ||    11
         Spear             |       |       |    99 ||    99
         War axe           |       |       |    34 ||    34
   Cast: Sting             |    45 |    97 |    45 ||   187
         Freeze            |     8 |     1 |       ||     9
    Use: Scroll            |     1 |     9 |     3 ||    13
         Potion            |       |     8 |     1 ||     9
   Stab: Sleeping          |     2 |     4 |     2 ||     8
         Invisible         |       |     2 |       ||     2
         Distracted        |       |       |     1 ||     1
 Armour: Robe              |    17 |    50 |    23 ||    90
  Dodge: Dodged            |    48 |   150 |   124 ||   322
